[Event "46th GRE-chT Premier 2018"]
[Site "Rio Achaia"]
[Date "2018.07.11"]
[Round "3"]
[White "Mastrakouli, Evagelia"]
[Black "Kouta, Vasiliki"]
[Result "1-0"]
[ECO "A53"]
[WhiteElo "1779"]
[BlackElo "1350"]
[Annotator "NA"]
[PlyCount "47"]
[EventDate "2018.07.10"]
[EventType "team-tourn"]
[EventCountry "GRE"]
[SourceTitle "playchess.com"]
[Source "ChessBase"]
[SourceQuality "1"]
[TimeControl "40/5400+30:1800+30"]

1. d4 Nf6 2. c4 d6 3. Nc3 g6 4. g3 Bg7 5. Bg2 c6 6. Nf3 Qc7 7. O-O O-O 8. Bf4 b6 9. c5 Nbd7 10. cxd6 exd6 11. Rc1 Qb8 12. Ng5 Bb7 13. Nce4 Ne8 14. Nxd6 Nxd6 15. Ne4 Qd8 16. Nxd6 Ba6 17. Bxc6 Rb8 18. Ne4 Rc8 19. b4 Re8 20. Nd6 Bxe2 21. Qb3 Qf6 22. Nxe8 Rxe8 23. Bxd7 Rd8 24. Rfe1 1-0

[Event "46th GRE-chT Premier 2018"]
[Site "Rio Achaia"]
[Date "2018.07.11"]
[Round "3"]
[White "Fragkos, Vasileios"]
[Black "Apostolidis, Angelos"]
[Result "1-0"]
[ECO "C50"]
[WhiteElo "1774"]
[BlackElo "1117"]
[Annotator "NA"]
[PlyCount "113"]
[EventDate "2018.07.10"]
[EventType "team-tourn"]
[EventCountry "GRE"]
[SourceTitle "playchess.com"]
[Source "ChessBase"]
[SourceQuality "1"]
[TimeControl "40/5400+30:1800+30"]

1. e4 e5 2. Nf3 Nc6 3. Bc4 h6 4. O-O Nf6 5. d3 Bc5 6. c3 d5 7. exd5 Nxd5 8. a4 Nf6 9. b4 Bd6 10. Re1 Nd7 11. Nbd2 O-O 12. Ne4 Re8 13. Be3 Nf6 14. Ng3 Bg4 15. h3 Be6 16. Bxe6 Rxe6 17. Nf5 Ne7 18. N3h4 Qd7 19. Qd2 Nxf5 20. Nxf5 Re7 21. Nxe7+ Qxe7 22. Rab1 b6 23. d4 Qd7 24. dxe5 Bxe5 25. Qxd7 Nxd7 26. Bd4 Bd6 27. a5 Rb8 28. axb6 axb6 29. Re4 Ra8 30. Rbe1 Kf8 31. g3 g6 32. Rh4 h5 33. Rhe4 Rd8 34. Kg2 Ra8 35. g4 hxg4 36. hxg4 Rd8 37. Rh1 f6 38. Rh8+ Kf7 39. Rxd8 Ne5 40. Bxe5 fxe5 41. Rc4 Ke6 42. Rc6 Ke7 43. Rdxd6 cxd6 44. Rxb6 Kd7 45. c4 Kc7 46. c5 dxc5 47. bxc5 Kd7 48. Rxg6 Kc7 49. Rd6 Kb7 50. g5 Kc7 51. g6 e4 52. g7 e3 53. fxe3 Kb7 54. g8=Q Kc7 55. Qd8+ Kb7 56. Rb6+ Ka7 57. Qb8# 1-0

[Event "46th GRE-chT Premier 2018"]
[Site "Rio Achaia"]
[Date "2018.07.11"]
[Round "3"]
[White "Antoniadou, Paraskevi"]
[Black "Michna, Marta"]
[Result "0-1"]
[ECO "B07"]
[WhiteElo "1764"]
[BlackElo "2322"]
[Annotator "NA"]
[PlyCount "64"]
[EventDate "2018.07.10"]
[EventType "team-tourn"]
[EventCountry "GRE"]
[SourceTitle "playchess.com"]
[Source "ChessBase"]
[SourceQuality "1"]
[TimeControl "40/5400+30:1800+30"]

1. e4 d6 2. d4 Nf6 3. Nc3 c6 4. Be3 Qa5 5. f3 e5 6. Nge2 h5 7. Qd2 Nbd7 8. dxe5 dxe5 9. Nc1 Be7 10. Nb3 Qc7 11. Qf2 b6 12. Bc4 Nf8 13. a4 Bb4 14. O-O Be6 15. Bxe6 Nxe6 16. Rfd1 O-O 17. a5 bxa5 18. Nc5 Nxc5 19. Bxc5 Rfd8 20. Rxd8+ Rxd8 21. h4 Rd7 22. Kh2 Nh7 23. Qe3 Nf8 24. Ra4 Qd8 25. Kg3 Ng6 26. Kf2 Qxh4+ 27. Kf1 Bxc3 28. Qxc3 Qh1+ 29. Kf2 Nf4 30. Qe1 Qxg2+ 31. Ke3 Qxc2 32. Qxa5 Rd3# {[%emt 0:00:08] Kd4} 0-1

[Event "46th GRE-chT Premier 2018"]
[Site "Rio Achaia"]
[Date "2018.07.11"]
[Round "3"]
[White "Petraki, Argiro"]
[Black "Grafakou, Sotiria-Aphrodite"]
[Result "0-1"]
[ECO "B36"]
[WhiteElo "1729"]
[BlackElo "1617"]
[Annotator "NA"]
[PlyCount "82"]
[EventDate "2018.07.10"]
[EventType "team-tourn"]
[EventCountry "GRE"]
[SourceTitle "playchess.com"]
[Source "ChessBase"]
[SourceQuality "1"]
[TimeControl "40/5400+30:1800+30"]

1. e4 c5 2. Nf3 Nc6 3. d4 cxd4 4. Nxd4 g6 5. c4 Nf6 6. Nc3 d6 7. Be3 Bg7 8. Be2 O-O 9. Nc2 Nd7 10. Qd2 f5 11. exf5 Rxf5 12. O-O Rf8 13. Rad1 Nf6 14. c5 d5 15. b4 e6 16. Bh6 Ne7 17. Bxg7 Kxg7 18. f4 b6 19. cxb6 Qxb6+ 20. Kh1 Bd7 21. Bf3 Rac8 22. Rfe1 Qc7 23. Re3 Qxf4 24. g3 Qd6 25. g4 Qf4 26. Rg1 Nc6 27. g5 Ne8 28. Rg4 Qb8 29. b5 Ne7 30. Nd4 e5 31. Rh4 e4 32. Bg2 Nd6 33. Re2 Nc4 34. Qe1 Ne5 35. Rh6 Nd3 36. Qa1 Qe5 37. Nf3 Qxc3 38. Qxc3+ Rxc3 39. Nd2 Rc1+ 40. Bf1 Bg4 41. Re3 Nf5 0-1

[Event "46th GRE-chT Premier 2018"]
[Site "Rio Achaia"]
[Date "2018.07.11"]
[Round "3"]
[White "Karavitaki, Evaggelia"]
[Black "Tsivelekidou, Evgenia"]
[Result "0-1"]
[ECO "C02"]
[WhiteElo "1723"]
[BlackElo "2007"]
[Annotator "NA"]
[PlyCount "94"]
[EventDate "2018.07.10"]
[EventType "team-tourn"]
[EventCountry "GRE"]
[SourceTitle "playchess.com"]
[Source "ChessBase"]
[SourceQuality "1"]
[TimeControl "40/5400+30:1800+30"]

1. e4 e6 2. d4 d5 3. e5 c5 4. c3 Qb6 5. Nf3 Bd7 6. a3 Bb5 7. Bxb5+ Qxb5 8. Qe2 Qxe2+ 9. Kxe2 Nc6 10. Be3 cxd4 11. cxd4 Nge7 12. Nbd2 Nf5 13. Rac1 a5 14. Nb3 a4 15. Nc5 Bxc5 16. Rxc5 Kd7 17. Rhc1 h5 18. h4 f6 19. exf6 gxf6 20. Kd3 Ra5 21. Bf4 Nd6 22. Bxd6 Kxd6 23. Rxa5 Nxa5 24. Nd2 Rg8 25. g3 e5 26. dxe5+ fxe5 27. Ke3 e4 28. Rc3 Nc6 29. Ke2 Nd4+ 30. Ke3 Ne6 31. Ke2 Ke5 32. Re3 Nd4+ 33. Kd1 Rf8 34. f4+ Ke6 35. Nxe4 dxe4 36. Rxe4+ Kd5 37. Re5+ Kc4 38. Rxh5 Rd8 39. Ke1 Kb3 40. Rh7 b5 41. h5 Kxb2 42. g4 Kxa3 43. h6 b4 44. g5 b3 45. Rb7 b2 46. Rxb2 Kxb2 47. g6 Nf5 0-1

[Event "46th GRE-chT Premier 2018"]
[Site "Rio Achaia"]
[Date "2018.07.11"]
[Round "3"]
[White "Bastianou, Chrysoula"]
[Black "Kalyva, Kyriaki"]
[Result "1/2-1/2"]
[ECO "D10"]
[WhiteElo "1710"]
[BlackElo "1734"]
[Annotator "NA"]
[PlyCount "102"]
[EventDate "2018.07.10"]
[EventType "team-tourn"]
[EventCountry "GRE"]
[SourceTitle "playchess.com"]
[Source "ChessBase"]
[SourceQuality "1"]
[TimeControl "40/5400+30:1800+30"]

1. d4 d5 2. c4 c6 3. Nc3 Nf6 4. cxd5 cxd5 5. Nf3 Nc6 6. Bf4 e6 7. e3 Bd6 8. Bxd6 Qxd6 9. Bd3 O-O 10. O-O a6 11. a3 e5 12. dxe5 Nxe5 13. Nxe5 Qxe5 14. Be2 Bf5 15. Qb3 Rab8 16. Rfd1 Rfd8 17. Rd4 Rd7 18. Rad1 Rbd8 19. Bf3 Be6 20. R1d3 Bf5 21. Rd2 Be6 22. Qd1 Qf5 23. a4 Ne4 24. Bxe4 dxe4 25. Rxd7 Rxd7 26. Rxd7 Bxd7 27. Qd4 h6 28. Nd5 Qe6 29. a5 Bc6 30. Nb4 Bb5 31. h3 Qc4 32. Qxc4 Bxc4 33. f3 exf3 34. gxf3 Kf8 35. Kf2 Ke7 36. e4 Kd6 37. Ke3 Kc5 38. Nc2 g5 39. Nd4 Bf1 40. Nf5 Bxh3 41. Nxh6 Be6 42. f4 f6 43. e5 gxf4+ 44. Kxf4 fxe5+ 45. Kxe5 Bh3 46. Nf7 Kb4 47. Nd6 Bg2 48. Kd4 Kxa5 49. Kc3 b5 50. b3 b4+ 51. Kc4 Kb6 1/2-1/2

[Event "46th GRE-chT Premier 2018"]
[Site "Rio Achaia"]
[Date "2018.07.11"]
[Round "3"]
[White "Spyratos, Nikolaos"]
[Black "Basinas, Konstantinos"]
[Result "1/2-1/2"]
[ECO "B25"]
[WhiteElo "1710"]
[BlackElo "1383"]
[Annotator "NA"]
[PlyCount "137"]
[EventDate "2018.07.10"]
[EventType "team-tourn"]
[EventCountry "GRE"]
[SourceTitle "playchess.com"]
[Source "ChessBase"]
[SourceQuality "1"]
[TimeControl "40/5400+30:1800+30"]

1. e4 c5 2. Nc3 d6 3. g3 Nc6 4. Bg2 g6 5. d3 Bg7 6. Nge2 e6 7. O-O Nge7 8. Rb1 O-O 9. Be3 Nd4 10. b4 Rb8 11. f4 b6 12. bxc5 dxc5 13. Qd2 Bb7 14. Bf2 Nec6 15. e5 Qd7 16. Ne4 Nxe2+ 17. Qxe2 Nd4 18. Qd1 Bxe4 19. Bxe4 Rfd8 20. Re1 Rbc8 21. c3 Nc6 22. Qe2 Ne7 23. Rbd1 Nd5 24. Bxd5 Qxd5 25. g4 Qc6 26. Qe4 Qd5 27. c4 Qc6 28. Qxc6 Rxc6 29. a4 Bf8 30. Bh4 Rd7 31. Re2 Be7 32. Bxe7 Rxe7 33. d4 cxd4 34. Rxd4 Rec7 35. Rc2 a6 36. Rb2 Rxc4 37. Rd8+ Kg7 38. Rb8 Rxf4 39. h3 Rxa4 40. R2xb6 Rc2 41. Rb1 Rac4 42. Rf1 Rc1 43. Rb1 Rxf1+ 44. Kxf1 Re4 45. Ra1 Rxe5 46. Rxa6 h5 47. Kf2 hxg4 48. hxg4 f5 49. g5 Re4 50. Ra7+ Kf8 51. Ra8+ Ke7 52. Ra7+ Kf8 53. Ra8+ Ke7 54. Ra7+ Kd6 55. Rg7 Rg4 56. Rxg6 Ke7 57. Rg7+ Kf8 58. Rg6 Kf7 59. Rf6+ Kg7 60. Rxe6 Rxg5 61. Kf3 Rg4 62. Ra6 Rc4 63. Rb6 Re4 64. Ra6 Kf7 65. Rb6 Re6 66. Rxe6 Kxe6 67. Kf4 Kf6 68. Kf3 Ke5 69. Ke3 1/2-1/2

[Event "46th GRE-chT Premier 2018"]
[Site "Rio Achaia"]
[Date "2018.07.11"]
[Round "3"]
[White "Kouta, Antonia"]
[Black "Giannoulaki, Ermofili"]
[Result "1-0"]
[ECO "C24"]
[WhiteElo "1703"]
[BlackElo "1286"]
[Annotator "NA"]
[PlyCount "65"]
[EventDate "2018.07.10"]
[EventType "team-tourn"]
[EventCountry "GRE"]
[SourceTitle "playchess.com"]
[Source "ChessBase"]
[SourceQuality "1"]
[TimeControl "40/5400+30:1800+30"]

1. e4 e5 2. Bc4 Nf6 3. d3 Be7 4. Nf3 d6 5. c3 O-O 6. O-O c6 7. Bb3 Nbd7 8. Re1 Qc7 9. Nbd2 b5 10. Nf1 Nc5 11. Bc2 Re8 12. Ng3 Bf8 13. Bg5 Nfd7 14. Qd2 Bb7 15. h4 d5 16. d4 dxe4 17. Nxe4 Nxe4 18. Bxe4 exd4 19. cxd4 Nb6 20. b3 f6 21. Bf4 Bd6 22. Bxd6 Qxd6 23. h5 Nd5 24. Nh4 Ne7 25. Bc2 c5 26. Qd3 Qxd4 27. Qxh7+ Kf8 28. Qh8+ Ng8 29. Bh7 Qd5 30. h6 gxh6 31. Bxg8 Qxg8 32. Qxf6+ Qf7 33. Ng6+ 1-0

[Event "46th GRE-chT Premier 2018"]
[Site "Rio Achaia"]
[Date "2018.07.11"]
[Round "3"]
[White "Stratigi, Evangelia"]
[Black "Houhouli, Hristina"]
[Result "1-0"]
[ECO "B30"]
[WhiteElo "1688"]
[BlackElo "1439"]
[Annotator "NA"]
[PlyCount "99"]
[EventDate "2018.07.10"]
[EventType "team-tourn"]
[EventCountry "GRE"]
[SourceTitle "playchess.com"]
[Source "ChessBase"]
[SourceQuality "1"]
[TimeControl "40/5400+30:1800+30"]

1. e4 c5 2. Nf3 Nc6 3. Bb5 e6 4. Bxc6 bxc6 5. c3 d5 6. Qe2 Bd6 7. d3 Ne7 8. O-O O-O 9. e5 Bc7 10. Bg5 Qd7 11. Nbd2 h6 12. Be3 Bb6 13. Nb3 c4 14. dxc4 Ba6 15. Nbd2 Bxe3 16. Qxe3 dxc4 17. Rfd1 Qb7 18. Rab1 Rfd8 19. Qe4 Qb5 20. Qe2 Nf5 21. Ne4 Rd3 22. g4 Ne7 23. Nd6 Qc5 24. Ne1 Rd5 25. Rxd5 cxd5 26. b4 Qc7 27. Nc2 Nc8 28. Nxc8 Rxc8 29. Nd4 Qe7 30. a4 Qg5 31. b5 Bb7 32. h3 h5 33. f3 hxg4 34. fxg4 Qf4 35. Kg2 Qg5 36. Re1 Qe7 37. Qb2 Qh4 38. Qf2 Qxf2+ 39. Kxf2 Kh7 40. Ke3 Kg8 41. a5 a6 42. Rb1 Rc5 43. h4 Kf8 44. h5 Kg8 45. g5 Bc8 46. g6 fxg6 47. hxg6 Kf8 48. bxa6 Ke7 49. a7 Rxa5 50. Nc6+ 1-0

[Event "46th GRE-chT Premier 2018"]
[Site "Rio Achaia"]
[Date "2018.07.11"]
[Round "3"]
[White "Grammatikaki, Aggeliki"]
[Black "Avramidou, Anastasia"]
[Result "0-1"]
[ECO "A27"]
[WhiteElo "1679"]
[BlackElo "2262"]
[Annotator "NA"]
[PlyCount "74"]
[EventDate "2018.07.10"]
[EventType "team-tourn"]
[EventCountry "GRE"]
[SourceTitle "playchess.com"]
[Source "ChessBase"]
[SourceQuality "1"]
[TimeControl "40/5400+30:1800+30"]

1. c4 e5 2. Nc3 Nc6 3. Nf3 g6 4. e3 Bg7 5. d4 d6 6. Be2 Nge7 7. O-O O-O 8. a3 exd4 9. Nxd4 Nxd4 10. exd4 d5 11. Bg5 dxc4 12. Bxc4 h6 13. Bf4 Nc6 14. Nb5 Bf5 15. Bxc7 Qd7 16. d5 Ne5 17. Bxe5 Bxe5 18. Nd4 Bg4 19. f3 Qc7 20. Qd3 Rac8 21. b3 b5 22. Nxb5 Qc5+ 23. Kh1 Bf5 24. Qd2 Bxa1 25. Rxa1 Bd7 26. Nc3 Qa5 27. Ne4 Qxd2 28. Nxd2 f5 29. Re1 Rfe8 30. Rxe8+ Bxe8 31. Kg1 Rc5 32. Nb1 Bb5 33. Nd2 Bxc4 34. bxc4 Ra5 35. d6 Kf7 36. Kf2 Rxa3 37. c5 Rc3 0-1

[Event "46th GRE-chT Premier 2018"]
[Site "Rio Achaia"]
[Date "2018.07.11"]
[Round "3"]
[White "Prokopiou, Ekaterini"]
[Black "Manelidou, Maria"]
[Result "1/2-1/2"]
[ECO "D10"]
[WhiteElo "1661"]
[BlackElo "2078"]
[Annotator "NA"]
[PlyCount "104"]
[EventDate "2018.07.10"]
[EventType "team-tourn"]
[EventCountry "GRE"]
[SourceTitle "playchess.com"]
[Source "ChessBase"]
[SourceQuality "1"]
[TimeControl "40/5400+30:1800+30"]

1. d4 d5 2. c4 c6 3. cxd5 cxd5 4. Nc3 Nf6 5. Bf4 Nc6 6. e3 a6 7. Bd3 e6 8. Rc1 Bd6 9. Bxd6 Qxd6 10. f4 Bd7 11. Nf3 Ng4 12. Qd2 f5 13. O-O O-O 14. Ne5 Ngxe5 15. fxe5 Qb4 16. a3 Qb3 17. Ne2 Rac8 18. Rc3 Qb6 19. b4 Ne7 20. Rfc1 Bb5 21. Nf4 Bxd3 22. Nxd3 Rxc3 23. Rxc3 Kf7 24. Nc5 Rc8 25. Qe2 g6 26. Qe1 g5 27. h4 h6 28. hxg5 hxg5 29. Qg3 Kg6 30. Qh3 Qb5 31. e4 dxe4 32. Nxe4 Rxc3 33. Nxc3 Qc4 34. Qe3 Nd5 35. Nxd5 Qxd5 36. Qc3 g4 37. Kh2 f4 38. Qc2+ Kg5 39. Qh7 Qxd4 40. Qg7+ Kf5 41. Qf6+ Ke4 42. Qxe6 g3+ 43. Kh3 Qxe5 44. Qc4+ Kf5 45. Qf7+ Ke4 46. Qc4+ Ke3 47. Qb3+ Kd4 48. Qd1+ Ke4 49. Qc2+ Ke3 50. Qb3+ Ke4 51. Qc2+ Ke3 52. Qb3+ Kd4 1/2-1/2

[Event "46th GRE-chT Premier 2018"]
[Site "Rio Achaia"]
[Date "2018.07.11"]
[Round "3"]
[White "Strati, Betty - Anna"]
[Black "Kratimenou, Georgia"]
[Result "1-0"]
[ECO "D31"]
[WhiteElo "1631"]
[BlackElo "1436"]
[Annotator "NA"]
[PlyCount "89"]
[EventDate "2018.07.10"]
[EventType "team-tourn"]
[EventCountry "GRE"]
[SourceTitle "playchess.com"]
[Source "ChessBase"]
[SourceQuality "1"]
[TimeControl "40/5400+30:1800+30"]

1. d4 d5 2. c4 e6 3. Nc3 Bb4 4. Qc2 dxc4 5. Nf3 Nc6 6. e3 Nf6 7. Bxc4 O-O 8. O-O a6 9. a3 Bd6 10. b4 b5 11. Bd3 Bb7 12. Rd1 h6 13. Bb2 Qd7 14. h3 Rfd8 15. e4 Be7 16. d5 exd5 17. Nxd5 Nxd5 18. exd5 Na7 19. Bf5 Qe8 20. Qxc7 Bxd5 21. Re1 Nc6 22. Nd4 Ra7 23. Qf4 Qf8 24. Rac1 Bg5 25. Qg4 Bxc1 26. Rxc1 Ne7 27. Bb1 Rad7 28. Nf5 f6 29. Nxh6+ Kh8 30. Nf5 Be6 31. Qh5+ Kg8 32. Nd4 g6 33. Bxg6 Qg7 34. Nxe6 Qxg6 35. Qxg6+ Nxg6 36. Nxd8 Rxd8 37. Bxf6 Rd3 38. Rc3 Rd1+ 39. Kh2 Rd2 40. Rf3 Rd7 41. Bc3 Kh7 42. g3 Re7 43. Re3 Rf7 44. Kg2 Rd7 45. f4 1-0

[Event "46th GRE-chT Premier 2018"]
[Site "Rio Achaia"]
[Date "2018.07.11"]
[Round "3"]
[White "Kokkota, Fotini"]
[Black "Tsouli, Rafailia"]
[Result "1-0"]
[ECO "C55"]
[WhiteElo "1615"]
[BlackElo "1327"]
[Annotator "NA"]
[PlyCount "79"]
[EventDate "2018.07.10"]
[EventType "team-tourn"]
[EventCountry "GRE"]
[SourceTitle "playchess.com"]
[Source "ChessBase"]
[SourceQuality "1"]
[TimeControl "40/5400+30:1800+30"]

1. e4 e5 2. Nf3 Nc6 3. Bc4 Bc5 4. O-O Nf6 5. d4 exd4 6. e5 d5 7. exf6 dxc4 8. fxg7 Rg8 9. Bg5 Be7 10. Re1 Be6 11. Bxe7 Qxe7 12. Nxd4 O-O-O 13. Nxc6 bxc6 14. Qf3 Qb4 15. Qc3 Qxc3 16. Nxc3 Rd2 17. Re2 Rxe2 18. Nxe2 Rxg7 19. Re1 Bd5 20. Nf4 Kd7 21. Re3 Rg4 22. g3 Rg8 23. f3 Rb8 24. b3 cxb3 25. axb3 Be6 26. Nxe6 fxe6 27. f4 Rb5 28. Kf2 Ke7 29. Kf3 Rc5 30. c4 Kf6 31. g4 h6 32. h4 a5 33. Ke4 e5 34. g5+ hxg5 35. hxg5+ Ke6 36. f5+ Kf7 37. Rg3 Kg7 38. g6 a4 39. f6+ Kg8 40. g7 1-0

[Event "46th GRE-chT Premier 2018"]
[Site "Rio Achaia"]
[Date "2018.07.11"]
[Round "3"]
[White "Symeonidis, Theofilos"]
[Black "Bardis, Harilaos-Panagiotis"]
[Result "0-1"]
[ECO "D21"]
[WhiteElo "1605"]
[BlackElo "1866"]
[Annotator "NA"]
[PlyCount "82"]
[EventDate "2018.07.10"]
[EventType "team-tourn"]
[EventCountry "GRE"]
[SourceTitle "playchess.com"]
[Source "ChessBase"]
[SourceQuality "1"]
[TimeControl "40/5400+30:1800+30"]

1. d4 d5 2. c4 dxc4 3. Nf3 c6 4. e3 b5 5. a4 e6 6. axb5 cxb5 7. b3 Bb4+ 8. Bd2 Bxd2+ 9. Qxd2 a5 10. bxc4 b4 11. Be2 Nf6 12. O-O O-O 13. Ne5 Bb7 14. Qc2 Nbd7 15. f4 Qc7 16. Nd2 Rfb8 17. Ndf3 Be4 18. Bd3 b3 19. Qb1 Bxd3 20. Qxd3 a4 21. Ra3 Nxe5 22. fxe5 Qe7 23. Rfa1 b2 24. Rb1 Ng4 25. h3 Nh6 26. e4 Rb4 27. Qc3 Rab8 28. Ra2 Rb3 29. Raxb2 Qb7 30. Rxb3 axb3 31. Nd2 b2 32. d5 exd5 33. cxd5 Qb6+ 34. Kh2 g5 35. Nc4 Qc5 36. Qd3 Qf2 37. Qd2 Qh4 38. Rxb2 Ra8 39. Ra2 Rxa2 40. Qxa2 Ng4+ 41. Kg1 Qe1# 0-1

[Event "46th GRE-chT Premier 2018"]
[Site "Rio Achaia"]
[Date "2018.07.11"]
[Round "3"]
[White "Blitsas, Orestis"]
[Black "Laspas, Antonios"]
[Result "1/2-1/2"]
[ECO "A22"]
[WhiteElo "1584"]
[BlackElo "1566"]
[Annotator "NA"]
[PlyCount "91"]
[EventDate "2018.07.10"]
[EventType "team-tourn"]
[EventCountry "GRE"]
[SourceTitle "playchess.com"]
[Source "ChessBase"]
[SourceQuality "1"]
[TimeControl "40/5400+30:1800+30"]

1. c4 e5 2. Nc3 Nf6 3. g3 d5 4. cxd5 Nxd5 5. Bg2 Nb6 6. Nf3 Nc6 7. O-O Be6 8. a3 Be7 9. b4 a6 10. d3 O-O 11. Bb2 f6 12. Rc1 Rb8 13. Ne4 Bd5 14. Qc2 Be6 15. Rfd1 Qe8 16. Nc5 Bxc5 17. Qxc5 Na4 18. Qc2 Nxb2 19. Qxb2 Bd5 20. b5 axb5 21. Qxb5 Be6 22. e3 Bd7 23. Qc5 Rc8 24. Nd2 Kh8 25. Nb1 Qg6 26. Nc3 Rfd8 27. Nd5 Qf7 28. Qc3 Be6 29. Nb4 Nxb4 30. Qxb4 Bd5 31. Bxd5 Qxd5 32. Rc5 Qd6 33. Qc3 h6 34. Kf1 Ra8 35. Rxc7 Rxa3 36. Qc4 Rxd3 37. Rxd3 Qxd3+ 38. Qxd3 Rxd3 39. Rxb7 Ra3 40. Kg2 h5 41. Rb2 Kh7 42. h4 Kg6 43. Rb7 Ra2 44. Re7 Rb2 45. Kf3 Ra2 46. Kg2 1/2-1/2

[Event "46th GRE-chT Premier 2018"]
[Site "Rio Achaia"]
[Date "2018.07.11"]
[Round "3"]
[White "Psofimi, Milia"]
[Black "Anthopoulou, Ioanna"]
[Result "1-0"]
[ECO "C77"]
[WhiteElo "1580"]
[BlackElo "1359"]
[Annotator "NA"]
[PlyCount "89"]
[EventDate "2018.07.10"]
[EventType "team-tourn"]
[EventCountry "GRE"]
[SourceTitle "playchess.com"]
[Source "ChessBase"]
[SourceQuality "1"]
[TimeControl "40/5400+30:1800+30"]

1. e4 e5 2. Nf3 Nc6 3. Bb5 a6 4. Ba4 Nf6 5. d3 Be7 6. Bxc6 bxc6 7. Nxe5 Bb7 8. O-O d6 9. Nf3 O-O 10. Nc3 d5 11. exd5 cxd5 12. d4 c6 13. Re1 Qc7 14. Bg5 Rfe8 15. Ne5 Rad8 16. Ne2 h6 17. Bxf6 Bxf6 18. Nf3 Bc8 19. c3 Qd6 20. Qd3 h5 21. Ng3 g6 22. Rxe8+ Rxe8 23. Re1 Rxe1+ 24. Nxe1 h4 25. Nf1 c5 26. dxc5 Qxc5 27. Nf3 Qc4 28. Qxc4 dxc4 29. Ne3 Be6 30. Nd2 Kf8 31. Ndxc4 Bxc4 32. Nxc4 Ke7 33. Kf1 Ke6 34. Ke2 Kd5 35. Kd3 Kc5 36. Nd2 Be7 37. Nf3 f6 38. Nxh4 g5 39. Nf5 Bf8 40. b4+ Kc6 41. a4 Kb6 42. Kc4 Kc6 43. Nd4+ Kb6 44. Kd5 Kb7 45. Ke6 1-0

[Event "46th GRE-chT Premier 2018"]
[Site "Rio Achaia"]
[Date "2018.07.11"]
[Round "3"]
[White "Galanakis, Nikolaos"]
[Black "Gazis, Efstathios"]
[Result "0-1"]
[ECO "C11"]
[WhiteElo "1579"]
[BlackElo "2195"]
[Annotator "NA"]
[PlyCount "118"]
[EventDate "2018.07.10"]
[EventType "team-tourn"]
[EventCountry "GRE"]
[SourceTitle "playchess.com"]
[Source "ChessBase"]
[SourceQuality "1"]
[TimeControl "40/5400+30:1800+30"]

1. e4 e6 2. Nf3 d5 3. Nc3 Nf6 4. e5 Nfd7 5. d4 c5 6. Nb5 Nc6 7. c3 a6 8. Nd6+ Bxd6 9. exd6 cxd4 10. cxd4 Nf6 11. Bf4 Ne4 12. Bd3 Nxd6 13. O-O Ne4 14. Re1 f5 15. Ne5 O-O 16. Nxc6 bxc6 17. f3 Nf6 18. Qd2 Qb6 19. Qc3 Bd7 20. Rac1 h6 21. Bd6 Rfe8 22. Be5 Nh7 23. f4 Qd8 24. Re3 Nf6 25. h3 Rf8 26. Qd2 Rf7 27. Qe2 Ne4 28. Bxe4 dxe4 29. Rg3 Qh4 30. Qf2 Qh5 31. Qe3 Kh7 32. Rc3 Rg8 33. Rb3 a5 34. Rb6 a4 35. Ra6 Bc8 36. Rxc6 Re8 37. Kh2 Bb7 38. Rb6 Bd5 39. a3 Qd1 40. Qf2 Rc8 41. Qg1 Qe2 42. Re3 Qd2 43. Qe1 Qxe1 44. Rxe1 Rc2 45. Re3 Bc4 46. Rc3 Rxc3 47. bxc3 e3 48. Kg3 Bd5 49. Rb4 g5 50. Rb8 gxf4+ 51. Kxf4 e2 52. Rb1 Rb7 53. Re1 Bc4 54. Ke3 Rb3 55. Bd6 Rxc3+ 56. Kd2 Rd3+ 57. Kc2 Rxd4 58. Kc3 Rxd6 59. Kxc4 Rd2 {[%emt 0:00:14] Kd4} 0-1

[Event "46th GRE-chT Premier 2018"]
[Site "Rio Achaia"]
[Date "2018.07.11"]
[Round "3"]
[White "Makridis, Dimitrios"]
[Black "Ximinis, Ioannis"]
[Result "1-0"]
[ECO "C18"]
[WhiteElo "1565"]
[BlackElo "1272"]
[Annotator "NA"]
[PlyCount "69"]
[EventDate "2018.07.10"]
[EventType "team-tourn"]
[EventCountry "GRE"]
[SourceTitle "playchess.com"]
[Source "ChessBase"]
[SourceQuality "1"]
[TimeControl "40/5400+30:1800+30"]

1. e4 e6 2. d4 d5 3. Nc3 Bb4 4. e5 c5 5. a3 Bxc3+ 6. bxc3 Nc6 7. f4 Nge7 8. Nf3 Qa5 9. Bd2 c4 10. g4 Bd7 11. h4 O-O-O 12. Bh3 Rdf8 13. O-O f5 14. exf6 gxf6 15. g5 Rhg8 16. Kh2 Qc7 17. gxf6 Rxf6 18. Ne5 Rgf8 19. Qe2 Nf5 20. Rg1 Nxe5 21. dxe5 Nxh4 22. exf6 Ng6 23. Bxe6 Nxf4 24. Bxd7+ Kxd7 25. Qe7+ Kc6 26. Qxc7+ Kxc7 27. Bxf4+ Kc6 28. Be5 a6 29. Rg7 h5 30. Rc7+ Kb6 31. Rb1+ Ka7 32. Rbxb7+ Ka8 33. Ra7+ Kb8 34. Rcb7+ Kc8 35. Rb8# 1-0

[Event "46th GRE-chT Premier 2018"]
[Site "Rio Achaia"]
[Date "2018.07.11"]
[Round "3"]
[White "Gkikas, Ioannis"]
[Black "Tzagarakis, Panagiotis"]
[Result "1/2-1/2"]
[ECO "B42"]
[WhiteElo "1553"]
[BlackElo "1573"]
[Annotator "NA"]
[PlyCount "83"]
[EventDate "2018.07.10"]
[EventType "team-tourn"]
[EventCountry "GRE"]
[SourceTitle "playchess.com"]
[Source "ChessBase"]
[SourceQuality "1"]
[TimeControl "40/5400+30:1800+30"]

1. e4 c5 2. Nf3 e6 3. d4 cxd4 4. Nxd4 a6 5. Bd3 Qc7 6. O-O Nf6 7. Nc3 d6 8. Be3 b5 9. a3 Bb7 10. Kh1 Nbd7 11. Qe2 Be7 12. f4 Nc5 13. Bg1 O-O 14. Nb3 Nfd7 15. f5 e5 16. Rf3 Nf6 17. Rd1 Nxd3 18. Rfxd3 Rfd8 19. Nd2 Qc6 20. Re1 d5 21. exd5 Nxd5 22. Nxd5 Rxd5 23. Rc3 Qd7 24. Nf3 f6 25. Qe3 Rd6 26. Re2 Rd8 27. Nh4 Rc8 28. Rxc8+ Qxc8 29. Bf2 Rd1+ 30. Be1 Bc5 31. Qb3+ Bd5 32. c4 Rxe1+ 33. Rxe1 Bf2 34. cxd5 Bxe1 35. d6+ Kf8 36. Qd1 Bxh4 37. d7 Qd8 38. Qd6+ Kf7 39. Qe6+ Kf8 40. Qd6+ Kf7 41. Qe6+ Kf8 42. Qd6+ 1/2-1/2

[Event "46th GRE-chT Premier 2018"]
[Site "Rio Achaia"]
[Date "2018.07.11"]
[Round "3"]
[White "Kollias, Ioannis K"]
[Black "Rousos, Stamatios"]
[Result "1/2-1/2"]
[ECO "A45"]
[WhiteElo "1546"]
[BlackElo "1700"]
[Annotator "NA"]
[PlyCount "121"]
[EventDate "2018.07.10"]
[EventType "team-tourn"]
[EventCountry "GRE"]
[SourceTitle "playchess.com"]
[Source "ChessBase"]
[SourceQuality "1"]
[TimeControl "40/5400+30:1800+30"]

1. d4 Nf6 2. Bg5 g6 3. Bxf6 exf6 4. e3 d5 5. g3 Bd6 6. Bg2 c6 7. Ne2 Qe7 8. O-O h5 9. c4 dxc4 10. Nd2 h4 11. Nxc4 Bc7 12. Nc3 hxg3 13. hxg3 Qf8 14. Re1 Qh6 15. Qf3 Qh2+ 16. Kf1 Bh3 17. Bxh3 Qxh3+ 18. Ke2 Qe6 19. Nd2 Nd7 20. Rac1 Kf8 21. Rh1 Kg7 22. Qe4 Rae8 23. Rxh8 Rxh8 24. d5 cxd5 25. Nxd5 Qa6+ 26. Qc4 Qxc4+ 27. Nxc4 Bb8 28. Nd2 Ne5 29. Nf3 Rd8 30. Nxe5 Rxd5 31. Nd3 f5 32. Rc8 Be5 33. Nxe5 Rxe5 34. Rc7 Rb5 35. b3 a5 36. Kd3 Rd5+ 37. Kc2 b5 38. Rc6 b4 39. Rc4 Kf6 40. f4 Ke6 41. Rc8 Kd7 42. Ra8 Ke7 43. Ra6 Kf8 44. Ra7 Kg7 45. Rc7 g5 46. fxg5 Kg6 47. Re7 Kxg5 48. Rxf7 Kg4 49. Rg7+ Kf3 50. Rg5 Kxe3 51. g4 Rd2+ 52. Kc1 fxg4 53. Rxg4 Rxa2 54. Kb1 Re2 55. Rg5 Kd3 56. Rxa5 Kc3 57. Rh5 Kxb3 58. Rh3+ Ka4 59. Rg3 b3 60. Rg8 Ka3 61. Ra8+ 1/2-1/2